Map: Chain of Ascension

Players

monk

  • Race: Zerg Zerg
  • Spawn Location: 11:00

XxMaximusxX

  • Race: Terran Terran
  • Spawn Location: 11:00

VOD

Have the link to the VOD?

Description

Time

  • Played on: Aug. 13, 2017, 12:34 p.m.
  • Length: 16:12
Show
View Real Time Build Order
Export as new Build Order

monk Zerg 

Build Orders:  

Get SALT Encoding   

  6  0:10  Drone x2  
  7  0:23  Drone x2  
  7  0:28  Drone x2  
  9  0:33  Extractor  
  8  0:41  Drone x2  
  8  0:49  Drone x2  
  10  1:13  Spawning Pool  
  10  1:20  Drone x2  
  10  1:27  Drone x2  
  12  1:30  Extractor  
  12  1:38  Drone x2  
  12  1:51  Baneling Nest  
  12  1:57  Drone x2  
  13  2:04  Overlord  
  13  2:13  Drone x2  
  14  2:29  Queen  
  16  2:33  Drone x2  
  17  2:41  Evolution Chamber  
  16  2:50  Evolution Chamber  
  16  2:57  Drone x2  
  19  3:19  Queen  
  21  3:22  Heroic Fortitude  
  22  3:31  Zerg Melee Weapons Level 1  
  22  3:41  Overlord  
  22  3:56  Overlord  
  22  4:04  Centrifical Hooks  
  24  4:28  Lair  
  26  4:53  Metabolic Boost  
  28  5:16  Drone x8  
  28  5:17  Hatchery  
  31  5:23  Drone x2  
  32  5:37  Drone x4  
  36  5:42  Medusa Blades  
  36  5:49  Overlord  
  36  5:51  Drone x2  
  37  6:07  Extractor  
  37  6:09  Extractor  
  38  6:16  Zerg Melee Weapons Level 2  
  38  6:18  Corrosive Acid  
  38  6:23  Drone x2  
  41  6:40  Drone x6  
  44  6:59  Overlord, Drone x2  
  43  7:00  Drone x4  
  51  7:43  Overlord x2  
  51  7:49  Hive  
  50  7:56  Scourge Nest  
  43  8:02  Zerg Ground Armor Level 1  
  43  8:04  Hardened Carapace  
  45  8:16  Hatchery  
  46  8:57  Simplified Genome  
  46  9:00  Rupture  
  46  9:04  Adrenal Overload  
  48  9:30  Overlord  
  48  9:31  Overlord x3  
  48  9:32  Swarmling x12  
  48  9:33  Swarmling x18  
  64  9:53  Roach x8  
  64  9:54  Roach x12  
  64  9:57  Virulent Spores  
  64  10:04  Shredding Claws  
  64  10:05  Swarmling x3  
  64  10:06  Swarmling x54  
  93  10:31  Swarmling x3  
  93  10:32  Swarmling x12  
  82  10:53  Swarmling x3  
  82  10:54  Zerg Ground Armor Level 2, Zerg Melee Weapons Level 3  
  82  10:57  Zerg Flyer Weapons Level 1  
  82  10:59  Scourge x6  
  85  11:00  Scourge x28  
  99  11:28  Swarmling x3  
  99  11:29  Swarmling x45  
  99  11:35  Aberration  
  80  11:44  Aberration  
  70  12:10  Aberration  
  70  12:11  Aberration x2  
  70  12:12  Scourge x6  
  82  12:35  Swarmling x3  
  77  12:56  Scourge x8  
  77  12:57  Scourge x16  
  77  12:58  Swarmling x12  
  44  13:27  Roach x14  
  44  13:28  Roach x6  
  40  13:30  Scourge x4  
  40  13:31  Aberration x2, Scourge x10  
  40  13:32  Aberration x3, Scourge x6  
  57  14:00  Swarmling x3  
  57  14:01  Swarmling x36  
  71  14:41  Scourge x6  
  71  14:42  Scourge x2  
  67  15:00  Scourge x2  
  67  15:01  Scourge x38  
  67  15:02  Scourge x4  
  73  15:17  Scourge x6  
  73  15:18  Scourge x4  
  59  15:39  Swarmling x9  
  81  15:40  Swarmling x36  
Show
View Real Time Build Order
Export as new Build Order

XxMaximusxX Terran 

Build Orders:  

Get SALT Encoding   

  12  0:03  SCV  
  13  0:39  SCV  
  13  0:53  Barracks  
  13  0:56  SCV  
  14  1:09  Supply Depot  
Tags
 
Add a new tag
Caveats
  • Supply blocks, unpowered buildings, or Contaminate may cause inaccurate times.
  • Supply counts are checked every 10 seconds.